 Dungeon Crawl Stone Soup version 0.27-a0-1006-g1fd4cec11e (webtiles) character file.

Game seed: 4130395886087324626

108 siradein the Ruffian (level 4, -2/36 HPs)
             Began as a Ghoul Gladiator on Apr 17, 2021.
             Slain by a kobold brigand
             ... wielding a +1 dagger of draining
              (4 damage)
             ... on level 3 of the Dungeon.
             The game lasted 00:02:29 (2513 turns).

siradein the Ruffian (Ghoul Gladiator)              Turns: 2513, Time: 00:02:30

Health: -2/36      AC:  4    Str: 17    XL:     4   Next: 87%
Magic:  3/3        EV: 12    Int:  4    God:
Gold:   98         SH:  0    Dex: 10    Spells: 3/3 levels left

rFire    . . .     SeeInvis .     - Unarmed
rCold    + . .     Faith    .   (no shield)
rNeg     + + +     Spirit   .   a - +0 leather armour
rPois    ∞         Reflect  .   b - +0 helmet
rElec    .         Harm     .   (no cloak)
rCorr    .         Rampage  .   (no gloves)
Will     .....                  (no boots)
Stlth    +.........             (no amulet)
HPRegen  0.00/turn              (no ring)
MPRegen  0.08/turn              (no ring)

@: no status effects
A: claws 1, cold resistance 1, negative energy resistance 3, inhibited
regeneration, torment resistance 2, unbreathing 1
a: no special abilities


You were on level 3 of the Dungeon.
You visited 1 branch of the dungeon, and saw 3 of its levels.

You collected 98 gold pieces.

Inventory:

Missiles
 c - 3 throwing nets (quivered)
Armour
 a - a +0 leather armour (worn)
 b - a +0 helmet (worn)
Jewellery
 h - a ring of wizardry
Scrolls
 d - 2 scrolls of identify {unknown}
 g - 2 scrolls of teleportation {unknown}
 j - a scroll of enchant armour {unknown}
 k - a scroll of summoning {unknown}
 l - a scroll of amnesia {unknown}
Potions
 e - a potion of ambrosia {unknown}
 f - 2 potions of curing {unknown}
 i - a potion of magic {unknown}


   Skills:
 - Level 2.1 Fighting
 - Level 1.7 Throwing
 - Level 2.6 Dodging
 + Level 6.0 Unarmed Combat


You had 3 spell levels left.
You didn't know any spells.
Your spell library contained the following spells:

 Spells                   Type           Power      Damage    Failure   Level
 Beastly Appendage        Tmut           Unusable   N/A       N/A         1
 Wereblood                Tmut           Unusable   N/A       N/A         2
 Spider Form              Tmut/Pois      Unusable   N/A       N/A         3
 Ice Form                 Ice/Tmut       Unusable   N/A       N/A         4
 Hydra Form               Tmut           Unusable   N/A       N/A         5

Dungeon Overview and Level Annotations

Branches:
Dungeon (3/15)

Altars:
The Shining One


Innate Abilities, Weirdness & Mutations

You thrive by killing the living.
You are immune to poison.
You have sharp fingernails.
Your flesh is cold resistant. (rC+)
You are immune to negative energy. (rN+++)
You do not regenerate when monsters are visible.
You are immune to unholy pain and torment.
You can survive without breathing.


Message History

You closely miss the kobold brigand.
The kobold brigand is moderately wounded.
The kobold hits you with a +0 dagger.
The kobold brigand hits you with a +1 dagger of draining.
The kobold hits you with a +0 club.
You scratch the kobold brigand. Your claw misses the kobold brigand.
The kobold brigand is heavily wounded.
The kobold barely misses you.
The kobold brigand hits you with a +1 dagger of draining.
The kobold hits you but does no damage.
You are too injured to fight recklessly!
You are too injured to fight recklessly!
You are too injured to fight recklessly!
You scratch the kobold.
You kill the kobold!
The kobold brigand throws a curare-tipped dart.
The curare-tipped dart barely misses you.
The kobold hits you with a +0 dagger.
You scratch the kobold.
The kobold is severely wounded.
The kobold hits you but does no damage.
You closely miss the kobold.
The kobold is severely wounded.
The kobold closely misses you.
You scratch the kobold but do no damage.
Your claw misses the kobold.
The kobold is severely wounded.
The kobold brigand hits you with a +1 dagger of draining.
* * * LOW HITPOINT WARNING * * *
The kobold hits you with a +0 dagger.
* * * LOW HITPOINT WARNING * * *
You scratch the kobold but do no damage.
The kobold is severely wounded.
The kobold brigand barely misses you. The kobold hits you with a +0 dagger.
* * * LOW HITPOINT WARNING * * *
Unknown command.
You scratch the kobold.
You kill the kobold!
The kobold brigand hits you with a +1 dagger of draining.
You die...

#.##.# #.##...#.#.≈≈≈#####
#.##.####.......#≈≈≈≈≈≈≈≈≈.
#.##.##...#.....≈≈≈≈≈≈≈≈###
#.##.#.#.......####≈≈≈###
#.##..##.##.......#####.
#.##.###.###............
#.........K..#####.....#
###..###.###)###.#######
#...[..K@).†....#
#.##.#.#.#.#.#.....
#.###.>.##.#.# ### #.#
##.###.#........
#.####.........####.
#................
##########........
##########


You could see a kobold brigand.

Vanquished Creatures
  An adder (D:2)
  4 gnolls (D:2)
  A worm (D:2)
  2 dart slugs
  3 endoplasms
  4 giant cockroaches
  A goblin (D:2)
  4 hobgoblins
  5 jackals (D:3)
  2 quokkas
  9 ball pythons
  6 bats
  2 frilled lizards (D:1)
  6 kobolds
  4 rats
54 creatures vanquished.

Notes
Turn   | Place    | Note
-------+----------+-------------------------------------------
     0 | D:1      | siradein the Ghoul Gladiator began the quest for the Orb.
     0 | D:1      | Reached XP level 1. HP: 17/17 MP: 0/0
   241 | D:1      | Found a faded altar of an unknown god.
   259 | D:1      | Reached XP level 2. HP: 24/24 MP: 1/1
   430 | D:1      | Reached skill level 4 in Unarmed Combat
   983 | D:2      | Reached XP level 3. HP: 27/29 MP: 2/2
  1292 | D:2      | Reached skill level 5 in Unarmed Combat
  1295 | D:2      | Reached XP level 4. HP: 23/36 MP: 3/3
  2481 | D:3      | Reached skill level 6 in Unarmed Combat
  2482 | D:3      | Noticed a kobold brigand
  2513 | D:3      | Slain by a kobold brigand

Illustrated notes

Levels and vault maps discovered:
D:1:      minmay_arrival_doors, layout_basic, shapermc_ecumenical_altar_gd
D:2:      minmay_alternating_diamond, layout_basic, basic_altar
D:3:      cheibrodos_thug_alley, layout_loops_ring

Skill      XL: |  1  2  3  4 |
---------------+-------------+-----
Unarmed Combat | 4 5 6 |  6.0
Fighting       | |  2.1
Throwing       | |  1.7
Dodging        | |  2.6

Action                   |  1- 3 |  4- 6 || total
-------------------------+-------+-------++-------
Melee: Unarmed           |    76 |    87 ||   163
       Punch             |       |     2 ||     2
Armor: Leather armour    |    24 |    31 ||    55
Dodge: Dodged            |    29 |    59 ||    88

Table legend: (Time is in decaauts)
 A = Elapsed time spent in this place.
 B = Non-inter-level travel time spent in this place.
 C = Inter-level travel time spent in this place.
 D = Time resting spent in this place.
 E = Time spent auto-exploring this place.
 F = Levels seen in this place.
 G = Mean time per level.
                   A        B        C        D        E       F      G
               +--------+--------+--------+--------+--------+-----+--------+
         Total |   2501 |   2467 |     34 |      0 |   2158 |   3 |  833.7 |
       Dungeon |   2501 |   2467 |     34 |      0 |   2158 |   3 |  833.7 |
               +--------+--------+--------+--------+--------+-----+--------+

Top non-repeatable levels by time:
     D:2: 1205 daAuts
     D:1: 973 daAuts
     D:3: 322 daAuts
